 Dungeon Crawl Stone Soup version 0.25-a0-589-g1e14c549ee (webtiles) character file.

Game seed: 3341826435266980673, levelgen mode: deterministic

18 Kohma the Insei (level 2, -1/18 HPs)
             Began as an Octopode Transmuter on Mar 9, 2020.
             Slain by a jackal (3 damage)
             ... on level 1 of the Dungeon.
             The game lasted 00:01:20 (387 turns).

Kohma the Insei (Octopode Transmuter)                Turns: 387, Time: 00:01:21

Health: -1/18      AC:  1    Str:  9    XL:     2   Next: 66%
Magic:  4/5        EV: 13    Int: 15    God:
Gold:   18         SH:  0    Dex: 12    Spells: 4/5 levels left

rFire    . . .     SeeInvis .     - Unarmed
rCold    . . .     Gourm    .   (no shield)
rNeg     . . .     Faith    .   (helmet restricted)
rPois    .         Spirit   .   (no amulet)
rElec    .         Reflect  .   (no ring)
rCorr    .         Harm     .   (no ring)
MR       .....                  (no ring)
Stlth    ++........             (no ring)
HPRegen  0.06/turn              (no ring)
MPRegen  0.09/turn              (no ring)
                                (no ring)
                                (no ring)

@: appendage (expiring)
A: almost no armour, stealthy swim, amphibious, 8 rings, constrict 8, tentacle
spike 3, camouflage 1, gelatinous body 1
a: End Transformation


You were on level 1 of the Dungeon.
You were not hungry.
One of your tentacles had a temporary spike.
You visited 1 branch of the dungeon, and saw 1 of its levels.

You collected 18 gold pieces.

Inventory:

Missiles
 a - 12 arrows
 d - 5 poisoned darts (quivered)
Potions
 e - 2 potions of curing {unknown}
Comestibles
 b - 3 chunks of flesh
 c - 3 rations


   Skills:
 + Level 1.4 Fighting
 - Level 2.0 Dodging
 * Level 3.4 Unarmed Combat
 - Level 2.0 Spellcasting
 + Level 2.3 Transmutations


You had 4 spell levels left.
You knew the following spells:

 Your Spells              Type           Power        Failure   Level  Hunger
a - Beastly Appendage     Tmut           #.....       9%          1    #......

Your spell library contained the following spells:

 Spells                   Type           Power        Failure   Level  Hunger
 Sticks to Snakes         Tmut           #.......     13%         2    ###....
 Spider Form              Tmut/Pois      #.........   38%         3    ###....
 Ice Form                 Ice/Tmut       #.......     80%         4    #####..
 Blade Hands              Tmut           #.........   94%         5    ######.


Dungeon Overview and Level Annotations

Branches:
Dungeon (1/15)

Altars:


Innate Abilities, Weirdness & Mutations

You cannot wear most types of armour.
You are very stealthy in the water. (Stealth+)
You are amphibious.
You can wear up to eight rings at the same time.
You can use your tentacles to constrict eight enemies at once.
Your skin changes colour to match your surroundings (Stealth+).
Your rubbery body absorbs attacks. (AC +1, EV +1)
One of your tentacles bears a large vicious spike.


Message History

You constrict the jackal.
You kill the jackal!
The bat hits you but does no damage.
You barely miss the jackal. Your grab misses the jackal.
You pierce the jackal.
Your squeeze misses the jackal.
The jackal is severely wounded.
The bat hits you. The bat barely misses you. The jackal bites you. x2
You closely miss the jackal. Your grab misses the jackal.
The bat closely misses you. The jackal closely misses you.
The jackal bites you.
* * * LOW HITPOINT WARNING * * *
You tentacle-slap the jackal but do no damage.
Your grab misses the jackal.
Your tentacle spike misses the jackal.
The jackal is severely wounded.
The bat hits you.
* * * LOW HITPOINT WARNING * * *
The jackal bites you.
* * * LOW HITPOINT WARNING * * *
The jackal bites you.
You die...

...#.....###.##..##.....
...#...#.# #.#..........
#..#.###.###.#..........
...#.........#.......###
......##..#..#.)).......
#..#..###....##..##.####
...#........###...#.#
####.####.#...##.b#.#
'รท'..### ...#.##@h..#
###....###b...##h####
#.......##..#.##g#
#.#............gg#
..##.#..##..##...#
#.##....# ......#
..########..h...?. ###
......... .g........


You could see 2 jackals, a hobgoblin, 2 goblins and a bat.

Vanquished Creatures
  A dart slug (D:1)
  A leopard gecko (D:1)
  A bat (D:1)
  A giant cockroach (D:1)
  3 goblins (D:1)
  3 hobgoblins (D:1)
  A jackal (D:1)
  A rat (D:1)
12 creatures vanquished.

Notes
Turn   | Place    | Note
-------+----------+-------------------------------------------
     0 | D:1      | Kohma the Octopode Transmuter began the quest for the Orb.
     0 | D:1      | Reached XP level 1. HP: 13/13 MP: 3/3
   190 | D:1      | Reached XP level 2. HP: 16/18 MP: 3/5
   387 | D:1      | Slain by a jackal

Levels and vault maps discovered:
D:1:      shiori_arrival_oz, layout_basic

Action                   || total
-------------------------++-------
Melee: Unarmed           ||    40
       Constrict         ||     9
       Kick              ||     5
       Tentacles         ||     1
       Punch             ||     1
 Cast: Beastly Appendage ||     9
 Stab: Sleeping          ||     3
Armor: Skin              ||     3
Dodge: Dodged            ||    34

Table legend:
 A = Non-vault XP
 B = Vault XP
 C = Vault XP percentage of total XP
 D = Non-vault monster count
 E = Vault monster count
 F = Vault count percentage of total count
                 A         B        C        D         E       F
            +---------+---------+-------+---------+---------+-------
      Total |      22 |       4 |  15.4 |      10 |       2 |  16.7
            +---------+---------+-------+---------+---------+-------
        D:1 |      22 |       4 |  15.4 |      10 |       2 |  16.7
            +---------+---------+-------+---------+---------+-------
